 Dungeon Crawl Stone Soup version 0.19.1-1-g22dce08 (webtiles) character file.

33 Gargoyl the Skirmisher (level 3, -1/31 HPs)
             Began as a Ghoul Abyssal Knight on Jan 20, 2017.
             Was a Follower of Lugonu.
             Killed from afar by a white imp (4 damage)
             ... with a puff of frost
             ... summoned by Natasha
             ... on level 2 of the Dungeon.
             The game lasted 00:02:02 (711 turns).

Gargoyl the Skirmisher (Ghoul Abyssal Knight)        Turns: 711, Time: 00:02:03

Health: -1/31      AC:  7    Str: 15    XL:     3   Next: 29%
Magic:  3/3        EV:  6    Int:  7    God:    Lugonu [*.....]
Gold:   88         SH:  6    Dex:  9    Spells: 0 memorised, 2 levels left

rFire  . . .     SeeInvis .     a - +1 hand axe
rCold  + . .     Gourm    .     g - +0 scale mail
rNeg   + + +     Faith    .     d - +0 shield
rPois  ∞         Spirit   .     k - +1 hat
rElec  .         Reflect  .     (no cloak)
rCorr  .         Harm     .     (no gloves)
MR     .....                    (no boots)
Stlth  ..........               (no amulet)
                                (no ring)
                                (no ring)

@: very slightly contaminated, rotting, hasted and slowed
A: rotting body, claws 1, carnivore 3, cold resistance 1, negative energy
resistance 3, slow regeneration 1, torment resistance, unbreathing
a: Depart the Abyss, Renounce Religion


You were on level 2 of the Dungeon.
You worshipped Lugonu.
Lugonu was aware of your devotion.
You were not hungry.

You visited 1 branch of the dungeon, and saw 2 of its levels.
You visited the Abyss 1 time.

You collected 88 gold pieces.

Inventory:

Hand Weapons
 a - a +1 hand axe (weapon)
Armour
 d - a +0 shield (worn)
 g - a +0 scale mail (worn)
 k - a +1 hat (worn)
Scrolls
 j - a scroll of identify
Comestibles
 c - 2 meat rations


   Skills:
 + Level 3.5 Fighting
 + Level 2.2 Axes
 * Level 2.4 Armour
 + Level 1.0 Dodging
 + Level 0.3 Shields
 * Level 2.2 Invocations


You had 2 spell levels left.
You didn't know any spells.

Dungeon Overview and Level Annotations

Branches:
Dungeon (2/15)

Altars:
Dithmenos

Annotations:
D:2 Natasha


Innate Abilities, Weirdness & Mutations

Your body is rotting away.
You thrive on raw meat.
You are immune to poison.
You have sharp fingernails.
You are carnivorous and can eat meat at any time.
Your flesh is cold resistant. (rC+)
You are immune to negative energy. (rN+++)
You regenerate slowly when monsters are visible.
You are immune to unholy pain and torment.
You can survive without breathing.


Message History

The puff of frost hits you! You resist. Natasha claws you!
* * * LOW HITPOINT WARNING * * *
The white imp hits you but does no damage.
It was a potion of haste.
You feel yourself speed up. Natasha claws you.
* * * LOW HITPOINT WARNING * * *
You block the white imp's attack.
You are very lightly contaminated with residual magic.
It was a potion of lignification.
You feel woody for a moment.
You hit Natasha.
Natasha is moderately wounded.
You hit the white imp but do no damage. Natasha barely misses you.
You block the white imp's attack.
You hit Natasha but do no damage.
Natasha is moderately wounded.
You barely miss the white imp. Natasha casts a spell at you.
You feel yourself slow down. The white imp gestures at you.
The puff of frost hits you! You resist.
You die...

..###. #.. .. #...#
#..#..###.# #..
.....##.....##... #..
#................ #...
#.. #.........##.
#...##.####..._...####
......##.........##.
####.##.................
......5@....##.....##)..
########h#.###..#..###.#
#.#.##..###..##.#
#.#.....###.....#
#........#..#####
######......# #......#
########


You could see Natasha and a white imp.

Vanquished Creatures
  An adder (D:2)
  A dart slug (D:1)
  2 bats (D:1)
  A giant cockroach (D:1)
  A goblin (D:2)
  4 hobgoblins
  5 frilled lizards
  4 kobolds (D:2)
  4 rats
23 creatures vanquished.

Notes
Turn   | Place    | Note
-------+----------+-------------------------------------------
     0 | Abyss:1  | Gargoyl the Ghoul Abyssal Knight began the quest for the Orb.
     0 | Abyss:1  | Reached XP level 1. HP: 19/19 MP: 1/1
    39 | Abyss:1  | Found a corrupted altar of Lugonu.
    73 | Abyss:1  | Noticed a spatial maelstrom
    74 | D:1      | Escaped the Abyss
   197 | D:1      | Reached skill level 1 in Dodging
   341 | D:1      | Reached XP level 2. HP: 5/26 MP: 2/2
   395 | D:1      | Reached * piety under Lugonu
   667 | D:2      | Found a shadowy altar of Dithmenos.
   673 | D:2      | Reached XP level 3. HP: 25/31 MP: 3/3
   702 | D:2      | Noticed Natasha
   711 | D:2      | Killed from afar by a white imp

Skill      XL: |  1  2 |
---------------+-------+-----
Dodging        | 1 |  1.0
Axes           | 2 |  2.2
Armour         | 2 |  2.4
Fighting       | |  3.5
Shields        | |  0.3
Invocations    | |  2.2

Action                   || total
-------------------------++-------
Melee: Hand axe          ||    85
Invok: Depart the Abyss  ||     1
  Use: Scroll            ||     2
       Potion            ||     2
  Eat: Chunk             ||    11
Armor: Ring mail         ||    22
       Leather armour    ||     4
       Scale mail        ||    14
Dodge: Dodged            ||    31
Block: Shield            ||    35
